 Dungeon Crawl Stone Soup version 0.29-a0-925-g0a7a3d12f8 (webtiles) character file.

Game seed: 18123734975765145589

2206 Zeld the Conjurer (level 9, -3/62 HPs)
             Began as a Red Draconian Conjurer on July 29, 2022.
             Shot with a bolt by an orc warrior (6 damage)
             ... in a bailey.
             The game lasted 00:15:58 (11493 turns).

Zeld the Conjurer (Red Draconian Conjurer)         Turns: 11493, Time: 00:15:59

Health: -3/62      AC:  7    Str: 10    XL:     9   Next: 12%
Magic:  11/18      EV: 12    Int: 23    God:
Gold:   77         SH:  0    Dex:  9    Spells: 9/20 levels left

rFire   + . .      SeeInvis .   E - +3 arbalest
rCold   . . .      Faith    .   (shield currently unavailable)
rNeg    . . .      Spirit   .   (body armour unavailable)
rPois   .          Reflect  .   (helmet restricted)
rElec   .          Harm     .   (no cloak)
rCorr   +          Rampage  .   (no gloves)
Will    .....                   (no boots)
Stlth   ++........              x - amulet of the acrobat
HPRegen 0.20/turn               o - ring of resist corrosion
MPRegen 0.16/turn               (no ring)

@: short of breath
A: breathe fire, AC +7, unfitting armour, fire resistance 1, cold-blooded
a: Breathe Fire


You were in a bailey.
You visited 2 branches of the dungeon, and saw 9 of its levels.
You also visited: Bailey.

You collected 389 gold pieces.
You spent 312 gold pieces at shops.

Inventory:

Hand Weapons
 b - the +10 halberd "Binagokh" {drain, rC- rN+ rCorr}
   (You found it on level 8 of the Dungeon)

   A truly terrible weapon, it drains the life of any living foe it strikes.
   rC:        It makes you vulnerable to cold.
   rN:        It protects you from negative energy.
   rCorr:     It protects you from acid and corrosion.
 e - a +1 whip of venom
 E - a +3 arbalest (weapon)
Jewellery
 o - a ring of resist corrosion (left hand)
 x - an amulet of the acrobat (around neck)
Wands
 w - a wand of flame (33)
 y - a wand of polymorph (9)
Scrolls
 d - 2 scrolls of blinking
 h - 5 scrolls of teleportation
 m - a scroll of enchant armour
 n - a scroll of poison
 p - a scroll of amnesia
 t - a scroll of magic mapping
 z - a scroll of silence
 B - a scroll of fear
 C - a scroll of noise
Potions
 a - 2 potions of magic
 c - a potion of haste {unknown}
 f - a potion of berserk rage {unknown}
 g - a potion of mutation {unknown}
 i - 2 potions of curing {unknown}
 j - a potion of cancellation {unknown}
 k - 4 potions of brilliance {unknown}
 l - 2 potions of degeneration {unknown}
 q - a potion of might {unknown}
 r - a potion of flight {unknown}
 s - 3 potions of lignification {unknown}
 u - 4 potions of heal wounds {unknown}
 v - a potion of ambrosia {unknown}
 A - a potion of invisibility
 D - a potion of resistance {unknown}


   Skills:
 + Level 4.3 Dodging
 + Level 4.6 Stealth
 * Level 6.1 Spellcasting
 * Level 7.5 Conjurations
 + Level 3.1 Hexes
 + Level 3.4 Translocations


You had 9 spell levels left.
You knew the following spells:

 Your Spells              Type           Power      Damage    Failure   Level
a - Magic Dart            Conj           100%       1d8       1%          1
b - Searing Ray           Conj           82%        2d7       1%          2
c - Fulminant Prism       Conj/Hex       15%        3d11      10%         4
d - Iskenderun's Mystic   Conj/Tloc      32%        2d8       9%          4

Your spell library contained the following spells:

 Spells                   Type           Power      Damage    Failure   Level
 Dazzling Flash           Conj/Hex       62%        N/A       2%          3
 Summon Small Mammal      Summ           28%        N/A       9%          1
 Summon Guardian Golem    Hex/Summ       14%        N/A       14%         3
 Call Canine Familiar     Summ           7%         N/A       26%         3
 Ozocubu's Armour         Ice            7%         N/A       26%         3
 Metabolic Englaciation   Hex/Ice        7%         N/A       77%         5
 Simulacrum               Ice/Necr       3%         N/A       100%        6


Dungeon Overview and Level Annotations

Branches:
Dungeon (8/15)             Temple (1/1) D:7          Bailey (1/1)
   Lair: D:8-11

Altars:
Fedhas
Hepliaklqana
Kikubaaqudgha
Makhleb
Qazlal
Sif Muna
Trog
Uskayaw
Vehumet
Wu Jian
Xom
Yredelemnul
Zin
The Shining One

Shops:
D:7 **

Annotations:
D:4 exclusion: ogre
D:5 Sigmund
D:8 Prince Ribbit


Innate Abilities, Weirdness & Mutations

You can breathe blasts of fire.
Your fiery red scales are hard. (AC +7)
You cannot fit into any form of body armour.
Your flesh is heat resistant. (rF+)
You are cold-blooded and may be slowed by cold attacks.


Message History

Unknown command.
Unknown command.
The orc warrior shoots a bolt.
The bolt hits you!!
Casting: Magic Dart (safe; 1% risk of failure)
Confirm with . or Enter, or press ? or * to list all spells.
Aiming: Searing Ray (safe; 1% risk of failure)
Press: ? - help, Shift-Dir - straight line, f/p - orc warrior
Aim: an orc warrior, wielding a +0 arbalest and wearing a +0 ring mail (heavily wounded, 77% to hit)
The searing ray misses the orc warrior. (Press . to maintain the ray.)
The orc warrior shoots a bolt.
The bolt hits you.
* * * LOW HITPOINT WARNING * * *
You hear a shout!
The searing ray hits the orc warrior.
The orc warrior is heavily wounded.
The orc warrior shoots a bolt.
The bolt misses you.
Unknown command.
Unknown command.
The searing ray hits the orc warrior.
The orc warrior is severely wounded.
The orc warrior shoots a bolt.
The bolt misses you.
You hear a shout!
Unknown command.
Unknown command.
The searing ray hits the orc warrior!
The orc warrior is almost dead.
You finish channelling your searing ray.
The orc warrior shoots a bolt.
The bolt hits you!
* * * LOW HITPOINT WARNING * * *
Unknown command.
Unknown command.
Casting: Searing Ray (safe; 1% risk of failure)
Confirm with . or Enter, or press ? or * to list all spells.
Aiming: Searing Ray (safe; 1% risk of failure)
Press: ? - help, Shift-Dir - straight line, f/p - orc warrior
Aim: an orc warrior, wielding a +0 arbalest and wearing a +0 ring mail (almost dead, 77% to hit)
The searing ray misses the orc warrior. (Press . to maintain the ray.)
The orc warrior shoots a bolt.
The bolt hits you.
You die...

##################
#∩........................
#.........................
#.........................
#........@................
#......≈≈≈≈≈..............
#.....≈≈###≈≈.............
#....o≈##[##≈.............
#.....≈#.))...............
#.....≈##.∩#≈)............
#.....≈≈#.##≈......###....
#......≈≈.≈≈≈...#### ####.
#..............## ##


You could see an orc warrior.

Vanquished Creatures
  A water moccasin (D:8)
  An orc warrior (Bailey)
  A sky beast (D:6)
  A black bear (D:6)
  A centaur (D:8)
  2 ogres
  2 phantoms
  Blork the orc (D:6)
  A gnoll sergeant (D:7)
  2 necrophages
  2 bullfrogs (D:7)
  3 scorpions
  A howler monkey (D:8)
  An electric eel (D:7)
  A hound (D:3)
  An orc priest (D:7)
  A gnoll bouda (D:5)
  2 jellies
  Ijyb (D:5)
  3 iguanas
  Natasha (thrice) (D:3)
  7 orc wizards
  10 gnolls
  10 adders
  A shadow imp (D:7)
  2 white imps
  3 worms
  5 dart slugs
  10 orcs
  8 endoplasms
  3 giant cockroaches
  5 goblins
  4 hobgoblins
  2 jackals (D:1)
  5 quokkas
  7 ball pythons
  4 bats
  A frilled lizard (D:3)
  5 kobolds
  8 rats
132 creatures vanquished.

Vanquished Creatures (others)
  3 fulminant prisms (D:7)
  19 plants (D:7)
22 creatures vanquished.

Grand Total: 154 creatures vanquished

Notes
Turn   | Place    | Note
-------+----------+-------------------------------------------
     0 | D:1      | Zeld the Draconian Conjurer began the quest for the Orb.
     0 | D:1      | Reached XP level 1. HP: 14/14 MP: 3/3
   514 | D:1      | Reached XP level 2. HP: 20/20 MP: 1/5
   572 | D:1      | Learned a level 2 spell: Searing Ray
   736 | D:1      | Found a faded altar of an unknown god.
  1235 | D:2      | Reached XP level 3. HP: 26/26 MP: 0/6
  1721 | D:2      | Reached XP level 4. HP: 31/33 MP: 4/8
  2789 | D:3      | Noticed Natasha
  2799 | D:3      | Killed Natasha
  2800 | D:3      | Reached XP level 5. HP: 38/38 MP: 1/10
  3007 | D:3      | Noticed Natasha
  3011 | D:3      | Killed Natasha
  3012 | D:3      | Reached skill level 5 in Conjurations
  3016 | D:3      | Noticed Natasha
  3026 | D:3      | Killed Natasha
  3152 | D:3      | Learned a level 4 spell: Fulminant Prism
  3157 | D:3      | Learned a level 4 spell: Iskenderun's Mystic Blast
  3834 | D:4      | Noticed an ogre
  4223 | D:4      | Noticed an ogre
  4325 | D:4      | Reached XP level 6. HP: 45/45 MP: 6/11
  4570 | D:4      | Reached skill level 1 in Translocations
  5107 | D:5      | Entered Level 5 of the Dungeon
  5541 | D:4      | Reached skill level 1 in Hexes
  5541 | D:4      | Your scales start taking on a fiery red colour.
  5541 | D:4      | Reached XP level 7. HP: 29/50 MP: 4/13
  5541 | D:4      | Gained mutation: Your flesh is heat resistant. (rF+) [Red
                  | Draconian growth]
  6042 | D:5      | Noticed Sigmund
  6267 | D:5      | Noticed Ijyb
  6279 | D:5      | Killed Ijyb
  6291 | D:5      | Reached skill level 6 in Conjurations
  7444 | D:6      | Noticed Blork the orc
  7665 | D:6      | Killed Blork the orc
  7666 | D:6      | Reached XP level 8. HP: 48/57 MP: 9/15
  7797 | D:6      | Reached skill level 5 in Spellcasting
  8279 | D:6      | Found a blossoming altar of Fedhas.
  8663 | D:7      | Found a staircase to the Ecumenical Temple.
  8674 | Temple   | Entered the Ecumenical Temple
  9577 | D:7      | Found Xiutsec's Specific Store.
  9590 | D:7      | Found Efrinayt's General Store.
  9741 | D:7      | Bought a potion of invisibility for 128 gold pieces
  9741 | D:7      | Bought a scroll of fear for 64 gold pieces
  9741 | D:7      | Bought a scroll of blinking for 120 gold pieces
  9875 | D:7      | Reached skill level 7 in Conjurations
 10683 | D:8      | Noticed Prince Ribbit
 10700 | D:8      | Reached XP level 9. HP: 12/62 MP: 1/18
 10737 | D:8      | Found a stormy altar of Qazlal.
 10756 | D:8      | Found a shimmering altar of Xom.
 10796 | D:8      | Found a flagged portal.
 10804 | D:8      | Identified the +10 halberd "Binagokh" {drain, rC- rN+
                  | rCorr}
 10813 | Bailey   | Entered a bailey
 11492 | Bailey   | HP: 3/62 [orc warrior/bolt (15)]
 11493 | Bailey   | Shot with a bolt by an orc warrior

Illustrated notes

Levels and vault maps discovered:
D:1:      minmay_arrival_cross, layout_basic, ebering_ecumenical_altar_abandoned
D:2:      layout_loops_cross
D:3:      layout_basic, minmay_misc_feat_room, minivault_26, minmay_surrounded,
          uniq_natasha
D:4:      layout_basic, amethyst_killhole
D:5:      layout_loops_ring, uniq_ijyb, uniq_sigmund
D:6:      layout_cave_pods, fedhas_altar_2, uniq_blork_the_orc
D:7:      layout_cave_pools, minmay_temple_entry_statues, serial_column_ruins,
          column_ruins_hut_ruined, column_ruins_columns_T,
          column_ruins_open_medium, column_ruins_open_medium,
          serial_bayou_lagoon_a, nicolae_specific_store,
          minmay_a_box_with_orc_wizards_in_it
D:8:      layout_basic, mainiacjoe_overflow_tiny_flanked, lemuel_tele_altar,
          enter_bailey_2, minmay_misc_feat_chi, chequers_serial_rivers_large_a,
          chequers_serial_rivers_micro_b, uniq_prince_ribbit1
Temple:   nicolae_temple_ecumenical_triangle
Bailey:   bailey_polearm_2, bailey

Skill      XL: |  1  2  3  4  5  6  7  8 |
---------------+-------------------------+-----
Stealth        | 2 3 4 |  4.6
Dodging        | 2 3 4 |  4.3
Spellcasting   | 3 4 6 |  6.1
Conjurations   | 5 6 7 |  7.5
Translocations | 1 2 3 |  3.4
Hexes          | 1 3 |  3.1

Action                   |  1- 3 |  4- 6 |  7- 9 || total
-------------------------+-------+-------+-------++-------
Melee: Dagger            |     6 |       |       ||     6
       Tailslap          |     1 |     7 |     6 ||    14
       Whip              |       |    21 |    66 ||    87
       Unarmed           |       |       |     6 ||     6
 Fire: Arbalest          |       |       |     7 ||     7
 Cast: Magic Dart        |    67 |    68 |    12 ||   147
       Searing Ray       |     2 |    20 |    26 ||    48
       Iskenderun's Myst |       |       |    35 ||    35
       Fulminant Prism   |       |       |     3 ||     3
 Abil: Breathe Fire      |       |       |     3 ||     3
  Use: Scroll            |       |       |     8 ||     8
 Stab: Sleeping          |       |       |     1 ||     1
Armor: Skin              |     8 |    10 |    41 ||    59
Dodge: Dodged            |    19 |    35 |   157 ||   211

Table legend: (Time is in decaauts)
 A = Elapsed time spent in this place.
 B = Non-inter-level travel time spent in this place.
 C = Inter-level travel time spent in this place.
 D = Time resting spent in this place.
 E = Time spent auto-exploring this place.
 F = Levels seen in this place.
 G = Mean time per level.
                   A        B        C        D        E       F      G
               +--------+--------+--------+--------+--------+-----+--------+
         Total |  11533 |  11285 |    248 |   1690 |   8232 |  10 | 1153.3 |
       Dungeon |  10801 |  10570 |    231 |   1213 |   8097 |   8 | 1350.1 |
        Temple |     45 |     28 |     17 |      0 |     16 |   1 |   45.0 |
        Bailey |    685 |    685 |      0 |    477 |    119 |   1 |  685.0 |
               +--------+--------+--------+--------+--------+-----+--------+

Top non-repeatable levels by time:
     D:4: 2381 daAuts
     D:6: 2006 daAuts
     D:3: 1400 daAuts
     D:7: 1314 daAuts
     D:5: 1226 daAuts
     D:1: 1194 daAuts
     D:2: 1073 daAuts
  Bailey: 685 daAuts
     D:8: 203 daAuts
  Temple: 45 daAuts
